 Dungeon Crawl Stone Soup version 0.25-a0-479-g8579842fd4 (webtiles) character file.

Game seed: 12172375435041431008, levelgen mode: deterministic

308 Notrik the Skirmisher (level 6, -6/58 HPs)
             Began as a Hill Orc Berserker on Feb 9, 2020.
             Was a Priest of Trog.
             Mangled by a two-headed ogre
             ... wielding a +0 giant spiked club
              (24 damage)
             ... on level 4 of the Dungeon.
             The game lasted 00:05:10 (3329 turns).

Notrik the Skirmisher (Hill Orc Berserker)          Turns: 3329, Time: 00:05:11

Health: -6/58      AC: 11    Str: 22    XL:     6   Next: 40%
Magic:  6/6        EV: 10    Int:  7    God:    Trog [***...]
Gold:   140        SH:  0    Dex: 10    Spells: 5/5 levels left

rFire    . . .     SeeInvis .   f - +3 dagger (freeze)
rCold    . . .     Gourm    .   (no shield)
rNeg     . . .     Faith    .   y - +0 plate armour
rPois    .         Spirit   .   (no helmet)
rElec    .         Reflect  .   (no cloak)
rCorr    .         Harm     .   (no gloves)
MR       +....                  (no boots)
Stlth    ..........             (no amulet)
HPRegen  0.19/turn              h - +3 ring of evasion
MPRegen  0.10/turn              l - ring of protection from magic

@: no status effects
A: no striking features
a: Berserk, Trog's Hand, Renounce Religion


You were on level 4 of the Dungeon.
You worshipped Trog.
Trog was most pleased with you.
You were not hungry.

You visited 1 branch of the dungeon, and saw 4 of its levels.

You collected 140 gold pieces.

Inventory:

Hand Weapons
 a - a +0 hand axe
 f - a +3 dagger of freezing (weapon)
   (You took it off a kobold on level 1 of the Dungeon)
Armour
 y - a +0 plate armour (worn)
   (You found it on level 3 of the Dungeon)
Jewellery
 h - a +3 ring of evasion (left hand)
   (You took it off a goblin on level 2 of the Dungeon)
 l - a ring of protection from magic (right hand)
   (You found it on level 2 of the Dungeon)
Scrolls
 d - 2 scrolls of enchant weapon
 g - a scroll of immolation {unknown}
 i - a scroll of magic mapping {unknown}
 k - 2 scrolls of teleportation {unknown}
 m - 2 scrolls of identify {unknown}
 p - 3 scrolls of remove curse {@r2}
 r - a scroll of fog {unknown}
 x - 2 scrolls of amnesia {unknown}
Potions
 b - 4 potions of curing {unknown}
 j - a potion of berserk rage {unknown}
 o - a potion of ambrosia {unknown}
 q - 2 potions of degeneration {unknown}
 s - 4 potions of heal wounds {unknown}
 v - a potion of lignification {unknown}
 w - a potion of might {unknown}
 z - a potion of haste {unknown}
Comestibles
 c - 2 chunks of flesh
 e - 6 rations {!d}


   Skills:
 * Level 6.5 Fighting
 + Level 5.6 Axes
 + Level 4.0 Armour
 - Level 1.5 Dodging


You had 5 spell levels left.
You didn't know any spells.
Your spell library was empty.

Dungeon Overview and Level Annotations

Branches:
Dungeon (4/15)
 Temple: D:4-7

Altars:
Vehumet
Xom

Shops:
D:4 (


Message History

There is an entrance to Pecop's Antique Weapon Boutique here.
There is a fountain of clear blue water here.
Found 4 gold pieces.
You hear the rapid hiss of a distant avalanche of sand.
You now have 140 gold pieces (gained 4).
As you open the large door, it creaks loudly!
Found a shimmering altar of Xom and a radiant altar of Vehumet.
A hound comes into view.
The hound barks!
A hound is nearby!
The hound barely misses you.
You hit the hound. You freeze the hound.
The hound bites you but does no damage.
You closely miss the hound.
The hound bites you but does no damage. x2
You closely miss the hound. The hound bites you.
You hit the hound. You freeze the hound.
The hound bites you but does no damage. The hound barely misses you.
You completely miss the hound. The hound bites you.
You hit the hound. You freeze the hound.
The hound bites you but does no damage. x2
You puncture the hound! You freeze the hound.
You kill the hound!
Trog accepts your kill.
Your Armour skill increases to level 4!
You butcher the hound corpse.
c - 2 chunks of flesh You see here a hound skeleton. x2
You hear the rapid hiss of an avalanche of sand nearby.
Found a ration.
e - 6 rations {!d} (gained 1)
You hear the rapid hiss of a distant avalanche of sand.
The hiss of flowing sand is almost imperceptible now.
Found an escape hatch in the floor.
There is an escape hatch in the floor here.
The walls and floor vibrate strangely for a moment.
A two-headed ogre comes into view.
It is wielding two +0 giant spiked clubs.
The two-headed ogre shouts in stereo!
Found an escape hatch in the ceiling.
You hit the two-headed ogre. You freeze the two-headed ogre.
The two-headed ogre barely misses you. x2
You hit the two-headed ogre. You freeze the two-headed ogre.
The two-headed ogre hits you with a +0 giant spiked club! x2
You hit the two-headed ogre but do no damage.
You hit the two-headed ogre but do no damage.
The two-headed ogre hits you with a +0 giant spiked club!!
* * * LOW HITPOINT WARNING * * *
The two-headed ogre hits you but does no damage.
You hit the two-headed ogre. You freeze the two-headed ogre.
The two-headed ogre hits you with a +0 giant spiked club!!
You die...

######### ### #
.......... ... .#
#.######.# #.###.#
#.# #.# #...O<#
#.## #.# #@#####.#
...## #.#
#.......# ###.#
#.# #.####### #
#.# #.# #.#
###.####.#######.#
.............>...#
#.######.#########
#.######.#
#........#


You could see a two-headed ogre.

Vanquished Creatures
  An ogre (D:4)
  A hound (D:4)
  2 worker ants (D:4)
  A howler monkey skeleton (D:4)
  7 adders
  2 worms
  2 leopard geckos (D:3)
  6 orcs (D:3)
  2 giant cockroaches (D:2)
  5 goblins
  8 hobgoblins
  5 jackals
  2 quokkas
  A ball python (D:1)
  4 bats
  7 frilled lizards
  A jackal skeleton (D:4)
  5 kobolds
  6 rats
68 creatures vanquished.

Notes
Turn   | Place    | Note
-------+----------+-------------------------------------------
     0 | D:1      | Notrik the Hill Orc Berserker began the quest for the Orb.
     0 | D:1      | Reached XP level 1. HP: 19/19 MP: 1/1
   434 | D:1      | Reached skill level 4 in Fighting
   434 | D:1      | Reached XP level 2. HP: 25/27 MP: 2/2
  1197 | D:2      | Reached XP level 3. HP: 31/34 MP: 3/3
  1201 | D:2      | Reached ** piety under Trog
  1891 | D:3      | Reached XP level 4. HP: 34/41 MP: 4/4
  1931 | D:3      | Reached skill level 5 in Fighting
  2699 | D:4      | Reached skill level 5 in Axes
  2699 | D:4      | Reached XP level 5. HP: 42/48 MP: 5/5
  2826 | D:4      | Noticed an ogre
  2838 | D:4      | Killed an ogre
  2838 | D:4      | Reached skill level 6 in Fighting
  2838 | D:4      | Reached XP level 6. HP: 22/58 MP: 6/6
  2844 | D:4      | Reached *** piety under Trog
  3198 | D:4      | Found Pecop's Antique Weapon Boutique.
  3224 | D:4      | Found a shimmering altar of Xom.
  3224 | D:4      | Found a radiant altar of Vehumet.
  3324 | D:4      | Noticed a two-headed ogre
  3329 | D:4      | Mangled by a two-headed ogre

Levels and vault maps discovered:
D:1:      eino_arrival_tree_alley, layout_loops_ring, patterned_corridor
D:2:      layout_loops_ring, minmay_tromino_i2
D:3:      layout_rooms
D:4:      layout_loops_ring, makhleb_blood_cavern_becter,
          gammafunk_temple_overflow_wave, chequers_temple_overflow_minitemple,
          minmay_temple_entry_poolview, lightli_ossuary_entry_decrepit_ruins,
          serial_shops, shop_fountains

Skill      XL: |  1  2  3  4  5  6 |
---------------+-------------------+-----
Fighting       | 4 5 6 |  6.5
Armour         | 3 4 |  4.0
Axes           | 5 |  5.6
Dodging        | |  1.5

Action                   |  1- 3 |  4- 6 || total
-------------------------+-------+-------++-------
Melee: Hand axe          |    25 |       ||    25
       Dagger            |    91 |   155 ||   246
Invok: Berserk           |       |     2 ||     2
  Use: Scroll            |       |     3 ||     3
  Eat: Chunk             |     2 |     4 ||     6
       Ration            |     1 |       ||     1
Armor: Animal skin       |     9 |       ||     9
       Ring mail         |    33 |    27 ||    60
       Plate armour      |       |    47 ||    47
Dodge: Dodged            |    72 |   112 ||   184

Table legend:
 A = Non-vault XP
 B = Vault XP
 C = Vault XP percentage of total XP
 D = Non-vault monster count
 E = Vault monster count
 F = Vault count percentage of total count
                 A         B        C        D         E       F
            +---------+---------+-------+---------+---------+-------
      Total |     439 |       2 |   0.5 |      67 |       1 |   1.5
            +---------+---------+-------+---------+---------+-------
        D:1 |      20 |       0 |   0.0 |      14 |       0 |   0.0
        D:2 |      57 |       2 |   3.4 |      18 |       1 |   5.3
        D:3 |      70 |       0 |   0.0 |      21 |       0 |   0.0
        D:4 |     292 |       0 |   0.0 |      14 |       0 |   0.0
            +---------+---------+-------+---------+---------+-------
